 Dungeon Crawl Stone Soup version 0.16.2-12-gd0ad4c3 (webtiles) character file.

52397 Peloso the Peltast (level 14, 0/127 HPs)
             Began as a Minotaur Fighter on Sept 25, 2015.
             Was the Champion of Okawaru.
             Slain by a deep troll zombie (10 damage)
             ... animated by a necromancer
             ... on level 1 of the Depths.
             The game lasted 00:53:15 (14095 turns).

Peloso the Peltast (Minotaur Fighter)              Turns: 14095, Time: 00:53:15

Health: 0/127      AC: 22    Str: 22    XL:     14   Next: 27%
Magic:  9/9        EV: 11    Int:  5    God:    Okawaru [******]
Gold:   1009       SH: 16    Dex: 25    Spells: 0 memorised, 13 levels left

rFire  . . .     SeeInvis .     M - +11 long sword "Lopn" {drain, -Tele +Rage rPois Str-3 Dex+6}
rCold  + . .     Clarity  .     p - +0 plate armour
rNeg   . . .     SustAb   .     c - +0 shield
rPois  +         Gourm    .     (helmet restricted)
rElec  .         Spirit   .     f - +0 cloak
rCorr  .         Warding  .     J - +2 pair of gloves {Dex+3}
rMut   .         NoTele   +     Q - +0 pair of boots {Fly}
MR     +....                    I - amulet of regeneration
Stlth  ..........               N - ring of protection from cold
                                l - +5 ring of dexterity

@: flying, somewhat resistant to hostile enchantments, extremely unstealthy
A: retaliatory headbutt, horns 2
a: Heroism, Finesse, Renounce Religion, Evoke Berserk Rage


You were on level 1 of the Depths.
You worshipped Okawaru.
Okawaru was exalted by your worship.
You were near starving.

You visited 2 branches of the dungeon, and saw 16 of its levels.
You also visited: Sewer.

You collected 1129 gold pieces.
You spent 120 gold pieces at shops.

Inventory:

Hand weapons
 w - the cursed +8 hand axe of the Boar {venom, -Tele rElec Str+2}
   (You found it on level 8 of the Dungeon)

   It poisons the flesh of those it strikes.
   It affects your strength (+2).
   It insulates you from electricity.
   It prevents most forms of teleportation.
   It has a curse placed upon it.
 C - a +1 scimitar of slicing
 F - a +0 scimitar of flaming
 M - the +11 long sword "Lopn" (weapon) {drain, -Tele +Rage rPois Str-3 Dex+6}
   (Okawaru gifted it to you on level 11 of the Dungeon)

   A truly terrible weapon, it drains the life of those it strikes.
   It affects your strength (-3).
   It affects your dexterity (+6).
   It protects you from poison.
   It lets you go berserk.
   It prevents most forms of teleportation.
 P - the +6 double sword "Jas Nof" {freeze, +Blink +Rage MP-9 Str-3 Int+3}
   (Okawaru gifted it to you on level 1 of the Depths)

   It has been specially enchanted to freeze those struck by it, causing extra
   injury to most foes and up to half again as much damage against particularly
   susceptible opponents.
   It can also slow down cold-blooded creatures.
   It affects your strength (-3).
   It affects your intelligence (+3).
   It affects your magic capacity (-9).
   It lets you blink.
   It lets you go berserk.
Armour
 c - a +0 shield (worn)
 f - a +0 cloak (worn)
 p - a +0 plate armour (worn)
 q - a +0 pair of gloves
 J - a +2 pair of gloves of dexterity (worn)
 Q - a +0 pair of boots of flying (worn)
 S - a fire dragon hide
 T - a +1 troll leather armour
Jewellery
 a - an uncursed ring of sustain abilities
 l - a +5 ring of dexterity (left hand)
 z - a +6 ring of intelligence {unknown}
 I - an amulet of regeneration (around neck)
 N - a ring of protection from cold (right hand)
 R - an uncursed amulet of resist corrosion
Magical devices
 b - a wand of paralysis (8)
 s - a wand of cold (8)
 G - a wand of teleportation (4)
 O - a wand of lightning (4)
Scrolls
 g - 7 scrolls of identify
 i - 7 scrolls of remove curse
 m - 2 scrolls of amnesia
 t - a scroll of teleportation
 u - 3 scrolls of magic mapping
 v - 3 scrolls of blinking
 x - 3 scrolls of fog
 y - a scroll of fear
Potions
 e - 4 potions of might
 h - 5 potions of agility
 k - 4 potions of restore abilities
 o - a potion of invisibility
 r - 5 potions of curing
 B - a potion of heal wounds
 D - 2 potions of haste
 E - a potion of brilliance
 H - a potion of cure mutation
Comestibles
 d - 10 bread rations
 j - 2 slices of pizza
 n - 8 meat rations
 A - 7 royal jellies
 K - 2 chunks of flesh
 L - 3 fruits


   Skills:
 + Level 12.5 Fighting
 + Level 14.4 Long Blades
 + Level 5.9 Axes
 + Level 13.5 Armour
 + Level 4.8 Dodging
 + Level 1.5 Stealth
 + Level 16.4 Shields
 + Level 1.9 Invocations


You had 13 spell levels left.
You didn't know any spells.

Dungeon Overview and Level Annotations

Branches:
Dungeon (15/15)            Temple (0/1) D:5            Lair (0/8) D:11
    Orc (0/4) D:9          Vaults (0/5) D:13         Depths (1/5) D:15

Altars:
Ashenzari
Dithmenos
Fedhas
Gozag
Nemelex Xobeh
Okawaru
Sif Muna
Trog
Xom

Shops:
D:6 *   D:14 !

Portals:
Pandemonium: Depths:1
Ziggurat: Depths:1

Annotations:
D:15 3 runed doors


Innate Abilities, Weirdness & Mutations

You reflexively headbutt those who attack you in melee.
You have a pair of horns on your head.


Message History

The ettin zombie barely misses you. You block the ettin zombie's attack.
The raven zombie pecks you but does no damage.
You block the raven zombie's attack.
The raven zombie pecks you but does no damage.
The raven zombie claws you but does no damage.
The frost giant skeleton misses you. The raven zombie closely misses you.
You block the raven zombie's attack.
You block the deep troll zombie's attack.
The deep troll zombie claws you.
* * * LOW HITPOINT WARNING * * *
The deep troll zombie claws you but does no damage.
The ettin zombie hits you!!
* * * LOW HITPOINT WARNING * * *
The ettin zombie misses you. You block the raven zombie's attack. x2
The raven zombie pecks you but does no damage.
The raven zombie claws you but does no damage.
The deep troll zombie bites you but does no damage.
The deep troll zombie claws you!
You die...

#....................
#....................
#....................
#....................
#....................
#........!...........
#.ZZ.................
#############)ZZ................
............))ZZ@..............
...........))).Z...8.8.8......
...).........................
...(........................
.(.......##...##..........#
.........#8...8#..........
.##########...##......... .#
#...##........ .# ....##.......


You could see 2 raven zombies, an ettin zombie, a deep troll zombie, a deep
troll zombie, an ogre skeleton and a frost giant skeleton.

Vanquished Creatures
  A stone giant (Depths:1)
  A dire elephant (Depths:1)
  2 fire dragons
  A great orb of eyes (Depths:1)
  Harold (D:15)
  An ice dragon (Depths:1)
  2 ogre magi
  A deep troll earth mage (Depths:1)
  2 centaur warriors
  A vampire mage (D:15)
  A deep troll shaman (Depths:1)
  2 tengu warriors
  An iron troll (D:13)
  4 unseen horrors
  7 deep trolls (Depths:1)
  2 skeletal warriors (D:15)
  5 hill giants
  A sphinx zombie (D:15)
  3 cyclopes
  A frost giant zombie (D:15)
  2 necromancers
  A stone giant zombie (D:15)
  A griffon (D:15)
  A draconian (shapeshifter) (D:14)
  18 ugly things
  A manticore (Depths:1)
  2 centaur zombies (D:13)
  A gargoyle (D:12)
  An orange crystal statue (D:15)
  A kobold demonologist (D:15)
  An efreet (D:14)
  A yaktaur (Depths:1)
  6 trolls
  A deep elf priest (Depths:1)
  A fire drake (D:11)
  A tengu conjurer (Depths:1)
  2 freezing wraiths (D:14)
  5 two-headed ogres
  Prince Ribbit (D:8)
  11 ravens
  A trapdoor spider zombie (D:11)
  A wyvern (D:12)
  A fire dragon zombie (D:15)
  14 yaks
  3 hippogriffs
  A shadow (D:14)
  2 hungry ghosts
  4 vampire mosquitoes (D:13)
  Eustachio (D:7)
  4 deep elf magi
  2 deep elf fighters (D:15)
  A wraith (D:15)
  2 mottled dragons (D:15)
  A water moccasin (D:10)
  6 orc warriors
  3 black bears
  A hornet simulacrum (D:14)
  Purgy (Sewer)
  4 ice beasts
  5 sky beasts
  A necrophage (D:9)
  9 centaurs
  19 ogres
  Sigmund (D:7)
  A big kobold (D:8)
  A small abomination (Depths:1)
  11 giant frogs
  2 wyvern zombies
  A wyvern skeleton (D:11)
  A hippogriff zombie (D:11)
  2 scorpions (D:8)
  13 killer bees
  13 wights
  2 spriggan skeletons (D:11)
  A troll skeleton (D:15)
  4 crimson imps
  A quasit (D:12)
  8 hounds
  5 jellies
  2 giant frog skeletons
  6 orc priests
  2 giant frog zombies
  16 orc wizards
  4 iguanas
  Natasha (twice) (D:3)
  6 worker ants
  A hound skeleton (D:2)
  2 worker ant zombies
  A mummy (D:14)
  15 adders
  7 shadow imps
  2 worms (D:2)
  8 giant mites
  A white imp (D:3)
  2 adder zombies
  9 giant geckos
  An ooze (D:1)
  49 orcs
  10 bats
  4 bat skeletons (D:2)
  A bat zombie (D:2)
  10 giant cockroaches
  14 goblins
  22 hobgoblins
  10 jackals
  8 quokkas
  A giant cockroach zombie (D:2)
  2 giant gecko skeletons
  2 giant newts
  14 kobolds
  A quokka zombie (D:8)
  12 rats
  5 ballistomycetes
  A crawling corpse (Depths:1)
506 creatures vanquished.

Vanquished Creatures (others)
  An orc priest (D:13)
  2 orcs (D:7)
  2 giant spores
  A plant (D:15)
6 creatures vanquished.

Grand Total: 512 creatures vanquished

Notes
Turn   | Place    | Note
--------------------------------------------------------------
     0 | D:1      | Peloso, the Minotaur Fighter, began the quest for the Orb.
     0 | D:1      | Reached XP level 1. HP: 19/19 MP: 1/1
   181 | D:1      | Reached XP level 2. HP: 17/27 MP: 1/1
   301 | D:1      | Reached skill level 4 in Shields
   800 | D:1      | Reached XP level 3. HP: 33/33 MP: 2/2
   985 | D:2      | Found a shattered altar of Ashenzari.
  1075 | D:2      | Reached XP level 4. HP: 36/40 MP: 2/2
  1793 | D:3      | Reached skill level 5 in Shields
  1793 | D:3      | Reached XP level 5. HP: 35/46 MP: 2/2
  1858 | D:3      | Noticed Natasha
  1879 | D:3      | Killed Natasha
  2193 | D:3      | Noticed Natasha
  2196 | D:3      | Killed Natasha
  2641 | D:4      | Found a sparkling altar of Nemelex Xobeh.
  2641 | D:4      | Noticed an ice beast
  2657 | D:4      | Killed an ice beast
  2657 | D:4      | Reached skill level 5 in Armour
  2657 | D:4      | Reached skill level 1 in Dodging
  2657 | D:4      | Reached XP level 6. HP: 40/53 MP: 3/3
  2661 | D:4      | Found a shadowy altar of Dithmenos.
  2667 | D:4      | Found a shimmering altar of Xom.
  2670 | D:4      | Found an iron altar of Okawaru.
  2683 | D:4      | Reached skill level 6 in Shields
  2688 | D:4      | Became a worshipper of Warmaster Okawaru
  2994 | D:4      | Noticed an ogre
  3000 | D:4      | Killed an ogre
  3000 | D:4      | Reached skill level 5 in Long Blades
  3017 | D:4      | Reached XP level 7. HP: 60/60 MP: 3/3
  3282 | D:4      | Reached skill level 7 in Shields
  3293 | D:4      | Reached skill level 5 in Fighting
  3558 | D:5      | Entered Level 5 of the Dungeon
  3718 | D:5      | Acquired Okawaru's first power
  3925 | D:5      | Found a glowing drain.
  3929 | Sewer    | Entered a sewer
  3946 | Sewer    | Noticed Purgy
  3951 | Sewer    | Killed Purgy
  3951 | Sewer    | Reached XP level 8. HP: 67/69 MP: 3/3
  4208 | D:5      | Found a staircase to the Ecumenical Temple.
  4683 | D:6      | Reached skill level 8 in Shields
  4764 | D:6      | Found Qiatalaq's Assorted Antiques.
  4816 | D:6      | Bought a runed scimitar for 120 gold pieces
  4862 | D:6      | Found an iron altar of Okawaru.
  4911 | D:6      | Found a deep blue altar of Sif Muna.
  5111 | D:6      | Reached XP level 9. HP: 74/78 MP: 4/4
  5595 | D:7      | Reached skill level 9 in Shields
  5908 | D:7      | Noticed Sigmund
  5924 | D:7      | Killed Sigmund
  6031 | D:7      | Found an opulent altar of Gozag.
  6049 | D:7      | Noticed Eustachio
  6062 | D:7      | Killed Eustachio
  6245 | D:7      | Killed an unseen horror
  6245 | D:7      | Reached skill level 10 in Shields
  6702 | D:8      | Noticed Prince Ribbit
  6723 | D:8      | Killed Prince Ribbit
  6732 | D:8      | Reached XP level 10. HP: 79/88 MP: 3/4
  6900 | D:8      | Got an encrusted hand axe
  6901 | D:8      | Identified the +8 hand axe of the Boar {venom, -Tele rElec Str+2} (You found it on level 8 of the Dungeon)
  7250 | D:8      | Acquired Okawaru's second power
  7250 | D:8      | Reached skill level 1 in Axes
  7324 | D:8      | Identified a +0 rod of clouds (9/9) (You found it on level 8 of the Dungeon)
  7419 | D:8      | Reached skill level 11 in Shields
  7778 | D:9      | Reached skill level 10 in Armour
  8143 | D:9      | Found a staircase to the Orcish Mines.
  8365 | D:10     | Entered Level 10 of the Dungeon
  8373 | D:10     | Noticed a hill giant
  8384 | D:10     | Killed a hill giant
  8799 | D:10     | Noticed a hill giant
  8811 | D:10     | Killed a hill giant
  8811 | D:10     | Reached skill level 1 in Stealth
  8811 | D:10     | Reached skill level 12 in Shields
  8811 | D:10     | Reached XP level 11. HP: 33/95 MP: 4/4
  9428 | D:11     | Found a bloodstained altar of Trog.
  9690 | D:11     | Noticed a hill giant
  9702 | D:11     | Killed a hill giant
  9710 | D:11     | Found a runed door.
  9740 | D:11     | Killed an unseen horror
  9805 | D:11     | Received a gift from Okawaru
  9805 | D:11     | Reached skill level 5 in Axes
  9824 | D:11     | Got a polished long sword {god gift}
  9825 | D:11     | Identified the +11 long sword "Lopn" {drain, -Tele +Rage rPois Str-3 Dex+6} (Okawaru gifted it to you on level 11 of the Dungeon)
  9934 | D:11     | Found a staircase to the Lair.
 10495 | D:12     | Reached skill level 13 in Shields
 10628 | D:13     | Reached skill level 10 in Long Blades
 10899 | D:13     | Reached skill level 10 in Fighting
 10899 | D:13     | Reached XP level 12. HP: 93/106 MP: 5/5
 10902 | D:13     | Noticed an iron troll
 10909 | D:13     | Noticed a fire dragon
 10919 | D:13     | Killed a fire dragon
 10919 | D:13     | Received a gift from Okawaru
 10928 | D:13     | Killed an iron troll
 11062 | D:13     | Found a gate to the Vaults.
 11203 | D:13     | Noticed a centaur warrior
 11209 | D:13     | Killed a centaur warrior
 11522 | D:13     | Reached skill level 1 in Invocations
 11704 | D:14     | Noticed a centaur warrior
 11712 | D:14     | Killed a centaur warrior
 11745 | D:14     | Reached skill level 14 in Shields
 11865 | D:14     | Found Sucw's Distillery.
 12369 | D:14     | Received a gift from Okawaru
 12422 | D:15     | Entered Level 15 of the Dungeon
 12422 | D:15     | Noticed an ogre mage
 12429 | D:14     | Killed an ogre mage
 12466 | D:14     | Reached XP level 13. HP: 109/116 MP: 7/7
 12493 | D:15     | Found a runed door.
 12530 | D:15     | Found a runed door.
 12542 | D:15     | Found a runed door.
 12619 | D:15     | Found a runed door.
 12699 | D:15     | Found a staircase to the Depths.
 12731 | D:15     | Reached skill level 15 in Shields
 12756 | D:15     | Received a gift from Okawaru
 12993 | D:15     | Found a blossoming altar of Fedhas.
 13155 | D:15     | Noticed Harold
 13170 | D:15     | Killed Harold
 13329 | Depths:1 | Entered Level 1 of the Depths
 13443 | Depths:1 | Found a gateway to a ziggurat.
 13572 | Depths:1 | Paralysed by a great orb of eyes for 6 turns
 13584 | Depths:1 | Received a gift from Okawaru
 13587 | Depths:1 | Got an encrusted double sword {god gift}
 13588 | Depths:1 | Identified the +6 double sword "Jas Nof" {freeze, +Blink +Rage MP-9 Str-3 Int+3} (Okawaru gifted it to you on level 1 of the Depths)
 13735 | Depths:1 | Noticed a stone giant
 13744 | Depths:1 | Killed a stone giant
 13784 | Depths:1 | Reached XP level 14. HP: 18/127 MP: 9/9
 13788 | Depths:1 | HP: 6/127 [ogre/giant club[an ogre mage] (11)]
 13850 | Depths:1 | Reached skill level 16 in Shields
 13950 | Depths:1 | Noticed a dire elephant
 13961 | Depths:1 | Killed a dire elephant
 13964 | Depths:1 | Found a one-way gate leading to the halls of Pandemonium.
 14007 | Depths:1 | Received a gift from Okawaru
 14095 | Depths:1 | Slain by a deep troll zombie

Action                   |  1- 3 |  4- 6 |  7- 9 | 10-12 | 13-15 || total
-------------------------+-------+-------+-------+-------+-------++-------
Melee: Long sword        |    87 |   225 |   186 |   313 |   341 ||  1152
       Scimitar          |       |       |   225 |    37 |       ||   262
       Spear             |       |       |     2 |       |       ||     2
       Hand axe          |       |       |       |   272 |       ||   272
Invok: Heroism           |       |       |     1 |     1 |     4 ||     6
       Finesse           |       |       |       |       |     1 ||     1
  Use: Scroll            |       |     6 |    10 |     7 |       ||    23
       Potion            |       |     5 |     3 |       |     2 ||    10
  Eat: Chunk             |     1 |     5 |     9 |    20 |     4 ||    39
       Pizza             |       |     1 |       |     1 |       ||     2
       Royal jelly       |       |       |     1 |       |       ||     1
       Beef jerky        |       |       |       |     1 |     2 ||     3
